 Dungeon Crawl Stone Soup version 0.21-a0-84-g85d6d27 (webtiles) character file.

50 slavetoarmok the Firebug (level 3, -16/28 HPs)
             Began as a Draconian Fire Elementalist on June 26, 2017.
             Was an Initiate of Vehumet.
             Engulfed by a cloud of flame (21 damage)
             ... on level 2 of the Dungeon.
             The game lasted 00:03:32 (1521 turns).

slavetoarmok the Firebug (DrFE)                     Turns: 1521, Time: 00:03:32

Health: -16/28     AC:  5    Str: 10    XL:     3   Next: 55%
Magic:  6/6        EV: 12    Int: 16    God:    Vehumet [......]
Gold:   71         SH:  0    Dex: 11    Spells: 0/6 levels left

rFire    . . .     SeeInvis .   g - +0 falchion (curse)
rCold    . . .     Gourm    .   (no shield)
rNeg     . . .     Faith    .   (armour unavailable)
rPois    .         Spirit   .   (helmet restricted)
rElec    .         Reflect  .   (no cloak)
rCorr    .         Harm     .   (no gloves)
MR       .....                  (no boots)
Stlth    ++........             (no amulet)
HPRegen  0.09/turn              (no ring)
MPRegen  0.10/turn              (no ring)

@: no status effects
A: unfitting armour, cold-blooded, AC +5
a: Renounce Religion


You were on level 2 of the Dungeon.
You worshipped Vehumet.
Vehumet was noncommittal.
You were not hungry.

You visited 1 branch of the dungeon, and saw 2 of its levels.

You collected 71 gold pieces.

Inventory:

Hand Weapons
 g - a cursed +0 falchion (weapon)
Scrolls
 c - a scroll of remove curse {unknown}
 d - a scroll of enchant weapon {unknown}
 e - 2 scrolls of identify {unknown}
Potions
 h - a potion of brilliance {unknown}
 i - a potion of curing {unknown}
 j - a potion of heal wounds {unknown}
Books
 a - a book of Flames

   Spells                             Type                      Level
   a - Flame Tongue                   Conjuration/Fire             1
   b - Throw Flame                    Conjuration/Fire             2
   c - Conjure Flame                  Conjuration/Fire             3
   d - Inner Flame                    Hexes/Fire                   3
   e - Sticky Flame                   Conjuration/Fire             4
   f - Fireball                       Conjuration/Fire             5
Comestibles
 b - 3 bread rations
 f - a chunk of flesh
 k - 2 meat rations


   Skills:
 + Level 1.3 Fighting
 - Level 1.7 Dodging
 - Level 1.7 Stealth
 + Level 2.3 Spellcasting
 + Level 1.6 Conjurations
 + Level 3.8 Fire Magic


You couldn't memorise any spells.
You knew the following spells:

 Your Spells              Type           Power        Failure   Level  Hunger
a - Flame Tongue          Conj/Fire      ##...        7%          1    #......
b - Throw Flame           Conj/Fire      ##....       10%         2    ###....
c - Conjure Flame         Conj/Fire      ##......     21%         3    ###....


Dungeon Overview and Level Annotations

Branches:
Dungeon (2/15)

Altars:
Okawaru
Vehumet


Innate Abilities, Weirdness & Mutations

Your plain brown scales are hard. (AC +5)
You cannot fit into any form of body armour.
You are cold-blooded and may be slowed by cold attacks.


Message History

You barely miss the hobgoblin.
The hobgoblin is moderately wounded.
The hobgoblin hits you but does no damage.
You hit the hobgoblin.
The hobgoblin is severely wounded.
The hobgoblin barely misses you.
You hit the hobgoblin.
You kill the hobgoblin!
You see here a club.
Really walk into a travel-excluded area?
Found 15 poisoned needles.
You are engulfed in blazing flames.
Ouch! That really hurt!
* * * LOW HITPOINT WARNING * * *
There is a radiant altar of Vehumet here.
You kneel at the altar of Vehumet.
Vehumet welcomes you!
You are engulfed in blazing flames.
Ouch! That really hurt!
You die...

####### ##.....# ##
#..?...# .# #.§.§..####
.# #.§@§......
.#############.§.§§###..
...........)....§.....(.
.^...†.....########.....
..########..###### .####
....## ##.....%# #
##...# ######.#
###.÷########. .)
#<............ ##


There were no monsters in sight!

Vanquished Creatures
  An adder (D:2)
  An ooze (D:1)
  A dart slug (D:1)
  2 leopard geckos
  3 giant cockroaches
  4 goblins (D:1)
  5 hobgoblins
  6 kobolds
  A bat (D:1)
  3 frilled lizards (D:1)
  5 rats
32 creatures vanquished.

Notes
Turn   | Place    | Note
-------+----------+-------------------------------------------
     0 | D:1      | slavetoarmok the Draconian Fire Elementalist began the quest for the Orb.
     0 | D:1      | Reached XP level 1. HP: 14/14 MP: 3/3
   647 | D:1      | Reached XP level 2. HP: 18/20 MP: 0/5
   651 | D:1      | Learned a level 2 spell: Throw Flame
   924 | D:1      | Found an iron altar of Okawaru.
  1116 | D:1      | Reached XP level 3. HP: 27/27 MP: 3/6
  1327 | D:2      | Found a faded altar of an unknown god.
  1331 | D:2      | Reached skill level 1 in Fighting
  1450 | D:2      | Learned a level 3 spell: Conjure Flame
  1490 | D:2      | Found a radiant altar of Vehumet.
  1521 | D:2      | Became a worshipper of Vehumet
  1521 | D:2      | Engulfed by a cloud of flame

Vault maps used:
D:1:      wheals_arrival_linesprint, minmay_misc_feat_rows,
          okawaru_ov_weapons_minmay
D:2:      fiery_altar_vehumet, chequers_ecumenical_altar_island, first_bread,
          uniq_jessica

Skill      XL: |  1  2  3 |
---------------+----------+-----
Fighting       | 1 |  1.3
Dodging        | |  1.7
Stealth        | |  1.7
Spellcasting   | |  2.3
Conjurations   | |  1.6
Fire Magic     | |  3.8

Action                   || total
-------------------------++-------
Melee: Unarmed           ||    17
       Tailslap          ||     3
       Falchion          ||    18
 Cast: Flame Tongue      ||    47
       Throw Flame       ||     2
  Eat: Chunk             ||     3
Armor: Skin              ||    14
Dodge: Dodged            ||    35
       Rpst.: Falchion   ||     2
